[Event "January 2 Early 2024"]
[Site "https://www.chess.com"]
[Date "2024.01.02"]
[Round "10"]
[White "Piesik, Piotr"]
[Black "Galchenko, Matvey"]
[Result "0-1"]
[Board "29"]
[TimeControl "180+1"]
[WhiteFideId "1136194"]
[BlackFideId "24175480"]
[WhiteElo "2679"]
[BlackElo "2894"]
[WhiteTeam "CZE"]
[BlackTeam "FID"]
[WhiteClock "0:00:42"]
[BlackClock "0:01:10"]

1. Nf3 c5 2. e4 g6 3. c3 Bg7 4. d4 cxd4 5. cxd4 d5 6. e5 a6 7. h3 Nc6 8. Nc3 f6 9. exf6 Nxf6 10. Bd3 O-O 11. O-O Nh5 12. Qb3 Rxf3 13. gxf3 e6 14. Ne2 Qh4 15. Be3 Qxh3 16. Rfc1 Qxf3 17. Qb6 e5 18. Rxc6 Bh3 19. Rxg6 hxg6 20. Qxg6 e4 21. Kh2 exd3 22. Ng1 Qf5 23. Qd6 Bg4 24. Rc1 d2 0-1

[Event "January 2 Early 2024"]
[Site "https://www.chess.com"]
[Date "2024.01.02"]
[Round "10"]
[White "Rustemov, Alexander"]
[Black "Domingo Nunez, Alejandro"]
[Result "1-0"]
[Board "30"]
[TimeControl "180+1"]
[WhiteFideId "4119002"]
[BlackFideId "22245561"]
[WhiteElo "2868"]
[BlackElo "2673"]
[WhiteTeam "RUS"]
[BlackTeam "ESP"]
[WhiteClock "0:00:40"]
[BlackClock "0:00:00"]

1. d4 g6 2. c4 Bg7 3. Nf3 Nf6 4. g3 O-O 5. Bg2 d6 6. Nc3 Nbd7 7. d5 e5 8. dxe6 fxe6 9. O-O Nc5 10. Be3 Nfd7 11. Qc2 Na6 12. Rac1 Qe7 13. Rfd1 Nb4 14. Qd2 Nc6 15. Bh6 Nde5 16. Bxg7 Qxg7 17. b3 Nxf3+ 18. Bxf3 e5 19. Bg2 Nd4 20. Nb5 Ne6 21. b4 a5 22. a3 axb4 23. axb4 Kh8 24. c5 dxc5 25. bxc5 c6 26. Nd6 Nd4 27. Rb1 Ra7 28. h3 Be6 29. Rb2 Rfa8 30. Rdb1 Ra2 31. Qe3 R8a3 32. Qg5 Rxb2 33. Rxb2 Rb3 34. Rxb3 Nxb3 35. Qd8+ Bg8 36. Qb6 Nd4 37. e3 Ne2+ 38. Kh2 Qf8 39. f4 Qf6 40. Qb2 1-0

[Event "January 2 Early 2024"]
[Site "https://www.chess.com"]
[Date "2024.01.02"]
[Round "10"]
[White "Maksimovic, Bojan"]
[Black "Tanriverdi, Enes"]
[Result "0-1"]
[Board "31"]
[TimeControl "180+1"]
[WhiteFideId "14408120"]
[BlackFideId "34543279"]
[WhiteElo "2863"]
[BlackElo "2673"]
[WhiteTeam "BIH"]
[BlackTeam "TUR"]
[WhiteClock "0:00:04"]
[BlackClock "0:00:03"]

1. a3 a6 2. h3 h6 3. e4 e5 4. Nf3 Nc6 5. Bc4 Nf6 6. d3 Bc5 7. O-O d6 8. Nc3 g5 9. Be3 g4 10. hxg4 Bxg4 11. Bxc5 dxc5 12. Re1 Nd4 13. Bxf7+ Kf8 14. Ba2 Bxf3 15. gxf3 Nh5 16. f4 Qh4 17. f5 Nf4 18. Re3 Nh3+ 19. Rxh3 Qxh3 20. f4 exf4 21. Qf1 Qh4 22. Qg2 f3 23. Qg6 Qg5+ 24. Qxg5 hxg5 25. Nd5 c6 26. Nf6 Ke7 27. Ng4 Rh4 28. f6+ Kd6 29. e5+ Kc7 30. Ne3 Rah8 31. Kf2 Rh2+ 32. Kg3 R8h4 33. f7 Ne2+ 34. Kxf3 Rf4# 0-1

[Event "January 2 Early 2024"]
[Site "https://www.chess.com"]
[Date "2024.01.02"]
[Round "10"]
[White "Yeletsky, Ivan"]
[Black "Volkov, Maksim"]
[Result "1-0"]
[Board "32"]
[TimeControl "180+1"]
[WhiteFideId "24180327"]
[BlackFideId "54123070"]
[WhiteElo "2849"]
[BlackElo "2666"]
[WhiteTeam "RUS"]
[BlackTeam "RUS"]
[WhiteClock "0:00:02"]
[BlackClock "0:00:00"]

1. e4 c5 2. Nf3 d6 3. c3 Nf6 4. Qc2 Qc7 5. Bc4 Nc6 6. d4 e6 7. O-O Be7 8. d5 Na5 9. Bb5+ Bd7 10. Bxd7+ Qxd7 11. c4 e5 12. Bd2 Bd8 13. b3 O-O 14. Nc3 a6 15. Ne2 b5 16. Ng3 g6 17. h3 Ne8 18. Bh6 Ng7 19. Nd2 Rb8 20. Qc3 b4 21. Qe3 f5 22. f4 Bf6 23. Rae1 exf4 24. Qxf4 Be5 25. Qh4 Rbe8 26. Nf3 Bc3 27. Re2 fxe4 28. Rxe4 Nf5 29. Nxf5 Rxf5 30. Rf2 Bf6 31. Qg4 Nb7 32. Rfe2 Rxe4 33. Qxe4 Bg7 34. Bxg7 Kxg7 35. g4 Rf8 36. Ng5 Kg8 37. Qe6+ Qxe6 38. dxe6 h6 39. Ne4 Kg7 40. e7 Re8 41. Ng3 Kf7 42. g5 hxg5 43. Ne4 Rxe7 44. Nxg5+ Kf6 45. Ne4+ Kg7 46. Kf2 Nd8 47. Nxd6 Rd7 48. Ne4 Ne6 49. Ke3 Re7 50. Rg2 Kh6 51. h4 Kh5 52. Kf3 1-0

[Event "January 2 Early 2024"]
[Site "https://www.chess.com"]
[Date "2024.01.02"]
[Round "10"]
[White "Tregubov, Pavel V."]
[Black "Durarbayli, Vasif"]
[Result "1-0"]
[Board "33"]
[TimeControl "180+1"]
[WhiteFideId "4115341"]
[BlackFideId "13402935"]
[WhiteElo "2656"]
[BlackElo "2847"]
[WhiteTeam "FRA"]
[BlackTeam "AZE"]
[WhiteClock "0:00:43"]
[BlackClock "0:00:28"]

1. e4 e6 2. d4 d5 3. exd5 exd5 4. Nf3 Bd6 5. Bd3 Ne7 6. O-O Bg4 7. h3 Bh5 8. Re1 Nc6 9. c3 Qd7 10. Nbd2 h6 11. b4 Nd8 12. Nf1 Ne6 13. Ng3 Bxf3 14. Qxf3 O-O 15. Nf5 Ng6 16. g3 Be7 17. h4 Bf6 18. Nxh6+ Kh8 19. Ng4 Bxh4 20. gxh4 Nxh4 21. Qh3 Qd8 22. Ne5 Kg8 23. Re3 a5 24. b5 c5 25. Rg3 f5 26. Ng6 Nxg6 27. Rxg6 Qe8 28. Bxf5 Nxd4 29. cxd4 1-0

[Event "January 2 Early 2024"]
[Site "https://www.chess.com"]
[Date "2024.01.02"]
[Round "10"]
[White "Finek, Vaclav"]
[Black "Aswath, S"]
[Result "0-1"]
[Board "34"]
[TimeControl "180+1"]
[WhiteFideId "23718293"]
[BlackFideId "46694919"]
[WhiteElo "2840"]
[BlackElo "2622"]
[WhiteTeam "CZE"]
[BlackTeam "IND"]
[WhiteClock "0:00:02"]
[BlackClock "0:00:16"]

1. d4 d5 2. Nf3 Nf6 3. c4 c6 4. Qc2 e6 5. Bg5 Nbd7 6. Nbd2 Be7 7. g3 O-O 8. Bg2 dxc4 9. Nxc4 c5 10. O-O h6 11. Bxf6 Nxf6 12. Rfd1 Qc7 13. Rac1 cxd4 14. Nxd4 a6 15. Nb3 Rb8 16. Nca5 Qxc2 17. Rxc2 Bd8 18. Rcd2 Bb6 19. Nc4 Bc7 20. Nd6 Rd8 21. Nxc8 Rdxc8 22. Rc2 Kf8 23. Rdc1 Ne8 24. Nc5 Rd8 25. Nxb7 Rd7 26. Bc6 Re7 27. Nc5 Rd8 28. Nxa6 Bb6 29. Bxe8 Kxe8 30. Nb4 Rb7 31. Nd3 Ke7 32. b3 Kf6 33. Kg2 Ra8 34. f4 Be3 35. Rb1 Ra3 36. Kf3 Bb6 37. Ne5 Rba7 38. Nc4 R3a6 39. a4 Bc7 40. Nd2 Ke7 41. Rbc1 Bb8 42. Rc6 Ra5 43. Rc8 Rb7 44. e4 g5 45. R8c3 gxf4 46. gxf4 Rh5 47. Kg3 Rg5+ 48. Kf3 Rh5 49. Nf1 Rh4 50. e5 Rb4 51. Rc4 Rxb3+ 52. R1c3 Rb1 53. Kg2 Rg4+ 54. Rg3 Rh4 55. a5 Bxe5 56. a6 Ra1 57. Rf3 Rxa6 58. Kg3 Bf6 59. Ne3 Ra8 60. h3 Rg8+ 61. Kf2 Rh5 62. Ng4 Bh4+ 63. Ke3 Rd5 64. Rc7+ Kf8 65. Nxh6 Rg1 66. Rc8+ Kg7 67. Ng4 Re1# 0-1

[Event "January 2 Early 2024"]
[Site "https://www.chess.com"]
[Date "2024.01.02"]
[Round "10"]
[White "Coca Cubillos, Jesus Alberto"]
[Black "Materia, Marco"]
[Result "0-1"]
[Board "35"]
[TimeControl "180+1"]
[WhiteFideId "4462912"]
[BlackFideId "45150451"]
[WhiteElo "2615"]
[BlackElo "2835"]
[WhiteTeam "COL"]
[BlackTeam "FRA"]
[WhiteClock "0:01:29"]
[BlackClock "0:00:20"]

1. f4 Nf6 2. Nf3 g6 3. g3 Bg7 4. Bg2 d5 5. O-O c5 6. c3 Nc6 7. d3 O-O 8. Qc2 Bg4 9. e4 dxe4 10. dxe4 Bxf3 11. Bxf3 e5 12. f5 c4 13. g4 Nd7 14. Be3 b5 15. Na3 a6 16. Rad1 Qe7 17. g5 f6 18. h4 Nc5 19. Bxc5 Qxc5+ 20. Qf2 Qxf2+ 21. Rxf2 Rfd8 22. Rfd2 Rxd2 23. Rxd2 Rd8 24. Nb1 Kf7 25. Kf2 Bf8 26. Ke2 Be7 27. gxf6 Bxf6 28. h5 gxh5 29. Bxh5+ Ke7 30. Rxd8 Nxd8 31. Nd2 Nb7 32. b3 cxb3 33. Nxb3 Bg5 34. Kd3 a5 35. Bf3 a4 36. Na1 Nc5+ 37. Ke2 Bc1 38. Nc2 a3 39. Nb4 h5 40. Nc6+ Kf6 41. Na7 Bb2 42. Nxb5 Nb3 43. Kd1 h4 44. Nxa3 Na5 45. Nb5 h3 46. Kc2 Nc4 47. a4 Ba1 48. Kb3 Nd2+ 49. Kb4 Nxf3 50. a5 h2 51. a6 h1=Q 52. a7 Qb1+ 53. Ka4 Qxe4+ 54. Ka5 Qb7 55. c4 Nd4 0-1

[Event "January 2 Early 2024"]
[Site "https://www.chess.com"]
[Date "2024.01.02"]
[Round "10"]
[White "Jeet, Jain"]
[Black "Pakleza, Zbigniew"]
[Result "0-1"]
[Board "36"]
[TimeControl "180+1"]
[WhiteFideId "5073022"]
[BlackFideId "1119290"]
[WhiteElo "2583"]
[BlackElo "2818"]
[WhiteTeam "IND"]
[BlackTeam "POL"]
[WhiteClock "0:00:13"]
[BlackClock "0:00:23"]

1. Nf3 d5 2. g3 Nf6 3. Bg2 Bf5 4. d4 e6 5. O-O Be7 6. Ne5 O-O 7. c3 c6 8. Nd2 h6 9. Re1 Bh7 10. e4 Nbd7 11. Nxd7 Qxd7 12. e5 Ne8 13. f4 c5 14. dxc5 Bxc5+ 15. Kh1 Nc7 16. Nb3 Bb6 17. Be3 Bxe3 18. Rxe3 Qb5 19. Qd2 Qb6 20. h4 a5 21. a4 Qxb3 22. g4 Qc2 23. Qe1 Qxb2 24. h5 Rac8 25. g5 Bf5 26. Rd1 Na6 27. gxh6 gxh6 28. Qh4 Kh7 29. Qf6 Rg8 30. Bxd5 Rxc3 31. Rxc3 Qxc3 32. Bg2 Qg3 33. Rd2 Qe1+ 0-1

[Event "January 2 Early 2024"]
[Site "https://www.chess.com"]
[Date "2024.01.02"]
[Round "10"]
[White "Bologan, Victor"]
[Black "Srdanovic, Jovana"]
[Result "1-0"]
[Board "37"]
[TimeControl "180+1"]
[WhiteFideId "13900048"]
[BlackFideId "954810"]
[WhiteElo "2818"]
[BlackElo "2534"]
[WhiteTeam "MDA"]
[BlackTeam "SRB"]
[WhiteClock "0:00:38"]
[BlackClock "0:00:36"]

1. e4 c5 2. Nf3 Nf6 3. e5 Nd5 4. Nc3 Nxc3 5. dxc3 Nc6 6. Bf4 e6 7. Qd2 Qc7 8. O-O-O h6 9. h4 b6 10. g3 Bb7 11. Bg2 Ne7 12. Kb1 Nd5 13. c4 Nxf4 14. Qxf4 Be7 15. h5 f5 16. g4 O-O-O 17. gxf5 Rdf8 18. Bh3 Bg5 19. Qg3 exf5 20. Rhe1 Be4 21. Nxg5 hxg5 22. Qxg5 Bf3 23. Rd6 Rxh5 24. Qxg7 Re8 25. Qg6 Reh8 26. Bxf5 Rh1 27. Rxd7 Kb8 28. Rc1 Rxc1+ 29. Kxc1 Rh1+ 30. Kd2 Rd1+ 31. Ke3 Rxd7 32. Bxd7 Bh1 33. Qd6 Qxd6 34. exd6 Bb7 35. Kf4 1-0

[Event "January 2 Early 2024"]
[Site "https://www.chess.com"]
[Date "2024.01.02"]
[Round "10"]
[White "De Winter, Arthur"]
[Black "Postnikov, Daniil"]
[Result "1-0"]
[Board "38"]
[TimeControl "180+1"]
[WhiteFideId "1069020"]
[BlackFideId "4166329"]
[WhiteElo "2800"]
[BlackElo "2521"]
[WhiteTeam "NED"]
[BlackTeam "RUS"]
[WhiteClock "0:00:13"]
[BlackClock "0:00:06"]

1. e4 e6 2. d4 d5 3. Nc3 Nf6 4. Bg5 Be7 5. e5 Nfd7 6. h4 h6 7. Bxe7 Qxe7 8. f4 a6 9. Nf3 c5 10. Qd2 Nc6 11. Ne2 b5 12. c3 Bb7 13. g4 f6 14. Bh3 a5 15. h5 b4 16. Nh4 Nf8 17. Bg2 a4 18. dxc5 Qxc5 19. exf6 gxf6 20. Nd4 bxc3 21. bxc3 Rc8 22. O-O Rg8 23. Bf3 Nxd4 24. cxd4 Qc3 25. Qf2 Ba6 26. Rfe1 Bd3 27. Rad1 f5 28. Re3 Qxd4 29. Rexd3 Qxf4 30. Ng2 Qg5 31. Bxd5 Qxg4 32. Bf3 Qc4 33. Rd4 Qc5 34. Rd8+ Ke7 35. Rxc8 Qxc8 36. Qe3 Rg5 37. Rc1 Qb8 38. Qc5+ Qd6 39. Qxd6+ Kxd6 40. Kf2 e5 41. Rc6+ Ke7 42. Rxh6 e4 43. Be2 Ne6 44. Bc4 Nd4 45. Nf4 Rg4 46. Nd5+ Kf8 47. Ke3 Nf3 48. Nf4 Rh4 49. Ng6+ Kg7 50. Nxh4 Kxh6 51. Nxf5+ Kxh5 52. Kxe4 Nd2+ 53. Kd3 Nb1 54. Ne3 Kg5 55. Nd1 Na3 56. Nc3 Kf4 57. Nb5 Ke5 58. Nxa3 1-0

[Event "January 2 Early 2024"]
[Site "https://www.chess.com"]
[Date "2024.01.02"]
[Round "10"]
[White "ilqar_74"]
[Black "Ovezdurdyyeva, Jemal"]
[Result "1-0"]
[Board "39"]
[TimeControl "180+1"]
[BlackFideId "14001888"]
[WhiteElo "2783"]
[BlackElo "2459"]
[BlackTeam "TKM"]
[WhiteClock "0:00:24"]
[BlackClock "0:00:00"]

1. e4 d6 2. d4 Nf6 3. Nc3 g6 4. f4 c6 5. e5 dxe5 6. fxe5 Nd5 7. Nf3 Bg7 8. Nxd5 cxd5 9. Bd3 O-O 10. O-O Nc6 11. c3 f6 12. exf6 exf6 13. Bf4 Be6 14. Qb3 Qd7 15. Rfe1 Bf7 16. h3 Rfe8 17. a4 Na5 18. Qc2 Rxe1+ 19. Rxe1 Re8 20. Rxe8+ Qxe8 21. b3 a6 22. Kh2 Qc6 23. b4 Nc4 24. a5 Bf8 25. Kg1 Nd6 26. Bd2 Ne4 27. Be1 Bd6 28. c4 f5 29. c5 Bf4 30. Bf2 Qc7 31. Qe2 Be8 32. Be3 Bg3 33. Qa2 Bf7 34. Qc2 Qe7 35. Qc1 Qe8 36. Bxe4 dxe4 37. Ng5 Bd5 38. h4 Qb5 39. Qd2 Qa4 40. Nh3 Qa1+ 41. Qc1 Qa2 42. Bf2 Bc7 43. Be3 Qb3 44. Bf4 Bd8 45. Bg5 Bc7 46. Bf4 Bd8 47. h5 Qxb4 48. Be5 Qb5 49. hxg6 Qd7 50. Qh6 hxg6 51. Qxg6+ Kf8 52. Nf4 1-0

[Event "January 2 Early 2024"]
[Site "https://www.chess.com"]
[Date "2024.01.02"]
[Round "10"]
[White "Mekhitarian, Krikor Sevag"]
[Black "Reprintsev, Alexander"]
[Result "1-0"]
[Board "40"]
[TimeControl "180+1"]
[WhiteFideId "2107660"]
[BlackFideId "14100541"]
[WhiteElo "2834"]
[BlackElo "2500"]
[WhiteTeam "BRA"]
[BlackTeam "UKR"]
[WhiteClock "0:00:05"]
[BlackClock "0:00:12"]

1. Nf3 Nc6 2. d4 d5 3. Bf4 Bg4 4. e3 e6 5. c4 Nf6 6. Nc3 Ne4 7. Be2 Bb4 8. Rc1 dxc4 9. O-O Bxc3 10. bxc3 b5 11. Qc2 Bf5 12. Qb2 a6 13. a4 Rb8 14. axb5 axb5 15. Ne5 Nxe5 16. Bxe5 O-O 17. f3 Nd6 18. e4 Bg6 19. Qb4 f5 20. exf5 Bxf5 21. Ra1 Bd3 22. Rfe1 Bxe2 23. Rxe2 Qd7 24. Bg3 Ra8 25. Rae1 Rfe8 26. Qc5 h6 27. Rb1 Rab8 28. Ra1 Rb7 29. Rae1 Nf5 30. Bf4 g5 31. Be5 Qd5 32. Qb4 c5 33. dxc5 Rd8 34. h3 Kf7 35. Kh2 h5 36. Qb1 Qxc5 37. Bd4 Qd6+ 38. Re5 b4 39. Kg1 Ng7 40. Rxg5 Rg8 41. Qg6+ Kf8 42. Bxg7+ Rbxg7 43. Qf6+ Rf7 44. Qh6+ Rfg7 45. Rxg7 Rxg7 46. cxb4 c3 47. Qxe6 Qxe6 48. Rxe6 Rc7 49. Re1 c2 50. Rc1 Ke7 51. Kf2 Ke6 52. Ke3 Kd5 53. Kd3 h4 54. Rxc2 Rg7 55. Rc5+ Kd6 56. Rc2 Rb7 57. Rc4 Ra7 58. Rxh4 Ra3+ 59. Ke2 Ra2+ 60. Kf1 Ke5 61. Rg4 Kf5 62. Kg1 Rb2 63. Kh2 1-0

[Event "January 2 Early 2024"]
[Site "https://www.chess.com"]
[Date "2024.01.02"]
[Round "10"]
[White "Klukin, Kirill"]
[Black "Manukyan, Sargis A."]
[Result "1-0"]
[Board "41"]
[TimeControl "180+1"]
[WhiteFideId "24199273"]
[BlackFideId "13303970"]
[WhiteElo "2821"]
[BlackElo "2642"]
[WhiteTeam "RUS"]
[BlackTeam "ARM"]
[WhiteClock "0:01:48"]
[BlackClock "0:01:09"]

1. d4 d5 2. c4 e6 3. Nc3 Nf6 4. Nf3 Be7 5. cxd5 exd5 6. Bg5 O-O 7. e3 h6 8. Bf4 b6 9. Qc2 Bb7 10. Bd3 c5 11. h3 c4 12. Bf5 a6 13. g4 g6 14. Bxg6 fxg6 15. Qxg6+ Kh8 16. Ne5 Qe8 17. Bxh6 Qxg6 18. Nxg6+ Kh7 19. Bxf8 Kxg6 20. Bxe7 Nbd7 21. Bxf6 Nxf6 22. f3 b5 23. a3 Bc6 24. Kf2 a5 25. h4 Rf8 26. Kg3 b4 27. axb4 axb4 28. Ne2 Bb5 29. Nf4+ Kg7 30. Ne6+ Kg8 31. Nxf8 Kxf8 32. Ra5 1-0

[Event "January 2 Early 2024"]
[Site "https://www.chess.com"]
[Date "2024.01.02"]
[Round "10"]
[White "Vakhlamov, Igor L."]
[Black "Niedbala, Bartlomiej"]
[Result "0-1"]
[Board "42"]
[TimeControl "180+1"]
[WhiteFideId "24126748"]
[BlackFideId "21834008"]
[WhiteElo "2800"]
[BlackElo "2638"]
[WhiteTeam "RUS"]
[BlackTeam "POL"]
[WhiteClock "0:00:00"]
[BlackClock "0:00:16"]

1. e4 Nf6 2. e5 Nd5 3. c4 Nb6 4. c5 Nd5 5. Bc4 c6 6. d4 d6 7. cxd6 exd6 8. Nf3 Be7 9. O-O Bg4 10. h3 Bh5 11. Nc3 Nxc3 12. bxc3 O-O 13. Bf4 dxe5 14. Bxe5 Nd7 15. Bh2 Nb6 16. Bb3 a5 17. Re1 Bd6 18. Rb1 Bxh2+ 19. Kxh2 a4 20. Bc2 Qc7+ 21. Kg1 Nd5 22. c4 Nf4 23. Re3 Rfe8 24. Qe1 f6 25. Nh4 Ne2+ 26. Kh1 Rxe3 27. fxe3 Re8 28. Nf5 g6 29. g4 gxf5 30. gxh5 Rxe3 31. Qh4 Qg7 32. Bxf5 Ng3+ 33. Kh2 Nxf5 34. Qf2 Qc7+ 35. Kh1 Ng3+ 36. Kg1 Qe7 37. d5 Qe4 38. Kh2 Qxb1 39. Qxe3 Nf1+ 40. Kg1 Nxe3+ 0-1

[Event "January 2 Early 2024"]
[Site "https://www.chess.com"]
[Date "2024.01.02"]
[Round "10"]
[White "Holt, Conrad"]
[Black "Zavgorodniy, Sergiy"]
[Result "1-0"]
[Board "43"]
[TimeControl "180+1"]
[WhiteFideId "2034387"]
[BlackFideId "14110148"]
[WhiteElo "2795"]
[BlackElo "2636"]
[WhiteTeam "USA"]
[BlackTeam "UKR"]
[WhiteClock "0:00:06"]
[BlackClock "0:00:06"]

1. d4 Nf6 2. c4 e6 3. Nf3 Bb4+ 4. Nbd2 b6 5. a3 Bxd2+ 6. Qxd2 Bb7 7. e3 d6 8. Be2 Nbd7 9. b4 a5 10. Bb2 axb4 11. axb4 Rxa1+ 12. Bxa1 O-O 13. O-O Qe7 14. Bb2 Ra8 15. Ra1 Qe8 16. Qd1 h6 17. Nd2 Qb8 18. f3 c5 19. dxc5 dxc5 20. b5 Rxa1 21. Qxa1 Ne8 22. Bc3 e5 23. Bd3 g6 24. Bc2 h5 25. Qe1 Qd6 26. Qh4 Nef6 27. Qg5 Qe6 28. h3 Kg7 29. f4 exf4 30. Qxf4 Kh7 31. e4 Ne8 32. e5 Ng7 33. Ne4 Bxe4 34. Bxe4 Qe7 35. Bd5 Ne6 36. Qf2 Kg8 37. Qe3 Qh4 38. Kh1 Ndf8 39. Be1 Qe7 40. Bf2 Nd7 41. Bg3 Ndf8 42. Kh2 Nd7 43. Be1 Ndf8 44. Bc3 Nd7 45. Qe4 Ndf8 46. Kg1 Nd7 47. Bb2 Qg5 48. Bc3 Qc1+ 49. Qe1 Qf4 50. Kh1 Ndf8 51. Bd2 Qd4 52. Qe3 Qh4 53. Qf3 Qe7 54. Bc3 Nd7 55. Kh2 Ndf8 56. Qf6 Qe8 57. Kg1 Nd7 58. Qf3 Qe7 59. Bc6 Qg5 60. Bxd7 Nf4 61. Bc6 1-0

[Event "January 2 Early 2024"]
[Site "https://www.chess.com"]
[Date "2024.01.02"]
[Round "10"]
[White "Gabrielian, Artur"]
[Black "Gontcharov, Vladislav"]
[Result "1-0"]
[Board "44"]
[TimeControl "180+1"]
[WhiteFideId "4131002"]
[BlackFideId "4123492"]
[WhiteElo "2788"]
[BlackElo "2636"]
[WhiteTeam "RUS"]
[BlackTeam "RUS"]
[WhiteClock "0:00:19"]
[BlackClock "0:00:08"]

1. e4 e6 2. d4 d5 3. Nc3 Nc6 4. Nf3 Nf6 5. e5 Ne4 6. Bd3 Bb4 7. Bd2 Nxd2 8. Qxd2 Be7 9. h4 h6 10. Rh3 Nb4 11. Bf1 c5 12. Rg3 cxd4 13. Nxd4 Bxh4 14. Rxg7 Bg5 15. f4 Kf8 16. Rxg5 hxg5 17. Ncb5 Nc6 18. fxg5 Nxd4 19. Nxd4 Rg8 20. Nf3 Qb6 21. O-O-O Bd7 22. Bd3 Rc8 23. g6 fxg6 24. Rf1 Ke8 25. Qg5 Qc5 26. Bxg6+ Rxg6 27. Qxg6+ Kd8 28. Rd1 Qe3+ 29. Kb1 Kc7 30. Qd3 Qxd3 31. cxd3 Rg8 32. Rd2 Rg4 33. d4 Bb5 34. Rf2 Bd3+ 35. Kc1 Be4 36. Ne1 Bf5 37. Rd2 Kd7 38. Kd1 Re4 39. Nf3 Bg4 40. Rd3 b5 41. Kd2 Rf4 42. Ke3 Re4+ 43. Kf2 Bf5 44. Rd1 Rg4 45. g3 b4 46. Rh1 Be4 47. Rh4 Rg7 48. Rf4 Kc6 49. g4 Kb5 50. b3 a5 51. Kg3 a4 52. bxa4+ Kxa4 53. Nd2 Bd3 54. Kh4 Ka3 55. Rf3 Kxa2 56. Rxd3 Kb2 57. Rb3+ Kc2 58. Rxb4 Kxd2 59. Rb6 Re7 60. Kg5 Kc3 61. Kf6 Re8 62. Rxe6 Rg8 63. g5 Kxd4 64. g6 Ke4 65. Kf7 Ra8 66. Re8 Ra7+ 67. Re7 Ra1 68. g7 Rf1+ 69. Ke8 Rg1 70. Kf8 d4 71. g8=Q Rxg8+ 72. Kxg8 d3 73. Rd7 1-0

[Event "January 2 Early 2024"]
[Site "https://www.chess.com"]
[Date "2024.01.02"]
[Round "10"]
[White "Novozhilov, Semen"]
[Black "Mirzoev, Azer"]
[Result "0-1"]
[Board "45"]
[TimeControl "180+1"]
[WhiteFideId "24289167"]
[BlackFideId "13400304"]
[WhiteElo "2761"]
[BlackElo "2623"]
[WhiteTeam "RUS"]
[BlackTeam "AZE"]
[WhiteClock "0:01:49"]
[BlackClock "0:01:35"]

1. d4 d5 2. c4 c6 3. cxd5 cxd5 4. Bg5 Nf6 5. Bxf6 gxf6 6. Nc3 e6 7. e3 Nc6 8. Bd3 f5 9. f4 Bb4 10. Nf3 Bd7 11. O-O Rc8 12. Rc1 O-O 13. Ne5 Nxe5 14. fxe5 Qg5 15. Rf3 Kh8 16. Ne2 Rxc1 17. Qxc1 Rc8 18. Qd1 Rg8 19. Nf4 Be7 20. Rg3 Qh6 21. Rxg8+ Kxg8 22. Qc2 Bc6 23. a3 Bg5 24. g3 Qf8 25. b4 Be7 26. b5 Bd7 27. Qc7 Qc8 28. Qa5 Qb8 29. a4 b6 30. Qd2 Qf8 31. h4 h6 32. Kh2 Qc8 33. g4 fxg4 34. Qg2 Qf8 35. Qxg4+ Qg7 36. Qh3 Be8 37. Nh5 Qf8 38. Qg4+ Kh8 39. Qf4 f5 40. exf6 Bd6 0-1

[Event "January 2 Early 2024"]
[Site "https://www.chess.com"]
[Date "2024.01.02"]
[Round "10"]
[White "Garcia Ramos, Daniel"]
[Black "Teterev, Vitaly"]
[Result "0-1"]
[Board "46"]
[TimeControl "180+1"]
[WhiteFideId "32010311"]
[BlackFideId "13501429"]
[WhiteElo "2758"]
[BlackElo "2620"]
[WhiteTeam "ESP"]
[BlackTeam "BLR"]
[WhiteClock "0:01:26"]
[BlackClock "0:00:33"]

1. e4 c5 2. Nf3 d6 3. d4 cxd4 4. Nxd4 Nf6 5. f3 e6 6. c4 Nc6 7. Nc3 Be7 8. Nxc6 bxc6 9. Bd3 d5 10. cxd5 cxd5 11. e5 Nd7 12. f4 Nc5 13. O-O Nxd3 14. Qxd3 O-O 15. Rd1 Rb8 16. b3 Qa5 17. Be3 Ba6 18. Qd2 Bb4 19. Bd4 Rfc8 20. Rac1 Rc7 21. Qe3 Rbc8 22. Na4 Bd2 23. Rxd2 Rxc1+ 24. Kf2 R1c2 25. Rxc2 Rxc2+ 26. Kg3 Bf1 27. Bxa7 Rxg2+ 28. Kf3 Rxa2 29. Qc1 Qa6 30. Kg3 Rg2+ 31. Kh4 g5+ 32. fxg5 Qxa7 33. Qc8+ Kg7 34. Nc5 Qe7 0-1

[Event "January 2 Early 2024"]
[Site "https://www.chess.com"]
[Date "2024.01.02"]
[Round "10"]
[White "Ambartsumova, Karina"]
[Black "Kosteniuk, Alexandra"]
[Result "0-1"]
[Board "47"]
[TimeControl "180+1"]
[WhiteFideId "4166299"]
[BlackFideId "4128125"]
[WhiteElo "2606"]
[BlackElo "2754"]
[WhiteTeam "RUS"]
[BlackTeam "SUI"]
[WhiteClock "0:00:42"]
[BlackClock "0:01:30"]

1. d4 f5 2. Bf4 Nf6 3. Nc3 d5 4. Nf3 c6 5. g3 g6 6. Bg2 Bg7 7. O-O O-O 8. Nb1 h6 9. Be5 Nbd7 10. Nbd2 g5 11. c4 Nxe5 12. Nxe5 Ne4 13. cxd5 cxd5 14. Nxe4 dxe4 15. Qb3+ Kh7 16. Rfd1 Qd6 17. Nc4 Qa6 18. f3 Be6 19. d5 Bd7 20. fxe4 Ba4 21. Qc2 Bxc2 0-1

[Event "January 2 Early 2024"]
[Site "https://www.chess.com"]
[Date "2024.01.02"]
[Round "10"]
[White "AmanteDeMoi"]
[Black "Wagner, Dennis"]
[Result "0-1"]
[Board "48"]
[TimeControl "180+1"]
[BlackFideId "24650684"]
[WhiteElo "2585"]
[BlackElo "2745"]
[BlackTeam "GER"]
[WhiteClock "0:00:05"]
[BlackClock "0:00:50"]

1. Nf3 Nf6 2. b3 g6 3. Bb2 Bg7 4. e3 O-O 5. Be2 b6 6. O-O Bb7 7. c4 c5 8. d4 cxd4 9. Nxd4 Nc6 10. Nc3 Nxd4 11. Qxd4 d5 12. Nxd5 Bxd5 13. cxd5 Qxd5 14. Qxd5 Nxd5 15. Bxg7 Kxg7 16. Bf3 Rad8 17. Rac1 e6 18. Bxd5 Rxd5 19. Rc7 Ra5 20. a4 Rd8 21. Rfc1 Rd3 22. R7c3 Rxc3 23. Rxc3 Kf6 24. Rc7 Rd5 25. g3 Rd3 26. b4 a6 27. Rb7 Ra3 28. Rxb6 Rxa4 29. Rb7 h5 30. h4 a5 31. b5 Rb4 32. Kg2 a4 33. Kf3 Ke5 34. b6 Kd6 35. Rxf7 Rxb6 36. Ra7 Rb4 37. e4 e5 38. Ra6+ Kc5 39. Rxg6 Kb5 40. Re6 Rb3+ 41. Kg2 a3 42. Rxe5+ Kb4 43. Re8 a2 44. Rb8+ Kc3 45. Ra8 Kb2 46. g4 Ra3 47. Rxa3 Kxa3 48. gxh5 a1=Q 49. Kg3 Kb4 50. f4 Kc5 51. Kg4 Kd6 52. Kf5 Ke7 53. e5 Qb1+ 54. Kg5 Ke6 55. h6 Qf5# 0-1

[Event "January 2 Early 2024"]
[Site "https://www.chess.com"]
[Date "2024.01.02"]
[Round "10"]
[White "Dyachuk, Artem"]
[Black "Vallejo Diaz, Javier"]
[Result "1-0"]
[Board "49"]
[TimeControl "180+1"]
[WhiteFideId "34107924"]
[BlackFideId "2256398"]
[WhiteElo "2715"]
[BlackElo "2581"]
[WhiteTeam "UKR"]
[BlackTeam "ESP"]
[WhiteClock "0:00:55"]
[BlackClock "0:00:15"]

1. e4 c5 2. Nf3 e6 3. d4 cxd4 4. Nxd4 a6 5. Bd3 Bc5 6. Nb3 Be7 7. Qg4 Kf8 8. Qe2 d6 9. c4 Nd7 10. Nc3 b6 11. Be3 Bb7 12. Rd1 Qc7 13. O-O Ngf6 14. f4 h5 15. Nd4 Nc5 16. Bb1 Nfxe4 17. Nxe4 Nxe4 18. f5 e5 19. f6 Bxf6 20. Nf5 Rd8 21. Kh1 Qc6 22. Qf3 h4 23. Nxg7 h3 24. Ne6+ fxe6 25. Bxe4 hxg2+ 26. Kg1 gxf1=Q+ 27. Rxf1 Rg8+ 28. Kf2 Qxe4 29. Qxf6+ Ke8 30. Qxe6+ Kf8 31. Ke1+ Qf3 32. Rxf3+ Bxf3 33. Bh6+ 1-0